 Dungeon Sprint DCSS version 0.27-a0-1196-g3e9cee4cb2 (webtiles) character file.

Game seed: 9790506155813602012

11346 mhtbhm the Sorcerer (level 11, -4/54 HPs)
             Began as a Deep Elf Earth Elementalist on May 28, 2021.
             Was the Champion of Vehumet.
             Shot with an arrow by a deep elf master archer (42 damage)
             ... in the Dungeon (Sprint III: "The Ten Rune Challenge").
             The game lasted 00:06:29 (2474 turns).

mhtbhm the Sorcerer (Deep Elf Earth Elementalist)   Turns: 2474, Time: 00:06:30

Health: -4/54      AC:  2    Str:  7    XL:     11   Next: 48%
Magic:  15/39      EV: 15    Int: 24    God:    Vehumet [******]
Gold:   1075       SH:  0    Dex: 15    Spells: 37/55 levels left

rFire    . . .     SeeInvis .   p - +2 long sword (holy)
rCold    . . .     Faith    .   (no shield)
rNeg     . . .     Spirit   .   c - +0 robe
rPois    .         Reflect  .   (no helmet)
rElec    .         Harm     .   (no cloak)
rCorr    .         Rampage  .   (no gloves)
Will     +....     NoTele   +   (no boots)
Stlth    +++.......             (no amulet)
HPRegen  0.18/turn              (no ring)
MPRegen  0.26/turn              (no ring)

@: no status effects
A: strong 1
a: Renounce Religion


You were in the Dungeon.
You worshipped Vehumet.
Vehumet was exalted by your worship.
You visited 1 branch You collected 1075 gold pieces.

Inventory:

Hand Weapons
 p - a +2 long sword of holy wrath (weapon)
Missiles
 b - 10 stones
 r - 7 curare-tipped darts (quivered)
Armour
 c - a +0 robe (worn)
Scrolls
 a - a scroll of acquirement {unknown}
 i - a scroll of blinking
 k - a scroll of torment {unknown}
 l - 4 scrolls of identify
 n - a scroll of holy word {unknown}
Potions
 d - 2 potions of curing
 f - 3 potions of haste
 g - 2 potions of magic
 h - a potion of berserk rage
 j - a potion of mutation
 m - 2 potions of flight
 o - 3 potions of might
Miscellaneous
 q - a phial of floods


   Skills:
 + Level 7.4 Dodging
 + Level 6.4 Stealth
 + Level 22.8 Spellcasting
 + Level 4.7 Conjurations
 + Level 3.7 Transmutations
 + Level 1.5 Air Magic
 + Level 19.2 Earth Magic
 + Level 2.3 Poison Magic
 + Level 1.8 Evocations


You had 37 spell levels left.
You knew the following spells:

 Your Spells              Type           Power      Damage    Failure   Level
a - Sandblast             Erth           100%       2d20      0%          1
b - Passwall              Tmut/Erth      58%        N/A       1%          2
c - Stone Arrow           Conj/Erth      100%       3d13      1%          3
d - Lee's Rapid Deconstr  Erth           44%        3d22*     0%          5
e - Petrify               Tmut/Erth      70%        N/A       1%          4
f - Mephitic Cloud        Conj/Pois/Air  41%        N/A       1%          3

Your spell library contained the following spells:

 Spells                   Type           Power      Damage    Failure   Level
 Hailstorm                Conj/Ice       38%        3d9       1%          4
 Magic Dart               Conj           100%       1d8       1%          1
 Conjure Flame            Conj/Fire      38%        6-21      1%          3
 Blink                    Tloc           N/A        N/A       2%          2
 Call Imp                 Summ           27%        N/A       2%          2
 Slow                     Hex            27%        N/A       2%          2


Dungeon Overview and Level Annotations

Branches:
Dungeon (1/1)

Altars:
Cheibriados
Dithmenos
Elyvilon
Fedhas
Gozag
Hepliaklqana
Kikubaaqudgha
Makhleb
Nemelex Xobeh
Okawaru
Qazlal
Ru
Sif Muna
Trog
Uskayaw
Vehumet
Wu Jian
Xom
Yredelemnul
Zin
The Shining One
Beogh
Jiyva
Lugonu

Shops:
D *


Innate Abilities, Weirdness & Mutations

Your muscles are strong. (Str +2)


Message History

Press: ? - help, Dir - move target A stone wall.
The wall shatters!
The blast of rock fragments hits the deep elf demonologist!!!
You kill the deep elf demonologist!
Vehumet accepts your kill.
Vehumet offers you knowledge of Hailstorm.
You feel your power returning.
The Executioner disappears in a puff of smoke!
Your Earth Magic skill increases to level 19!
Unknown command.
You start resting.
A deep elf master archer is nearby!
A deep elf master archer is nearby!
Casting: Lee's Rapid Deconstruction (safe; 0% risk of failure)
Confirm with . or Enter, or press ? or * to list all spells.
Aiming: Lee's Rapid Deconstruction (safe; 0% risk of failure)
Press: ? - help, Dir - move target A stone wall.
The wall shatters!
The blast of rock fragments hits the deep elf master archer!
The deep elf master archer is moderately wounded.
The deep elf master archer shoots an arrow.
The arrow completely misses you.
The deep elf master archer shoots an arrow.
The arrow hits you!
Unknown command.
Unknown command.
Casting: Lee's Rapid Deconstruction (safe; 0% risk of failure)
Confirm with . or Enter, or press ? or * to list all spells.
Aiming: Lee's Rapid Deconstruction (safe; 0% risk of failure)
Press: ? - help, Dir - move target A stone wall.
The wall shatters!
The blast of rock fragments hits the deep elf master archer!!
The deep elf master archer is heavily wounded.
The deep elf master archer shoots an arrow.
The arrow hits you!!!
Ouch! That really hurt!
You die...

▓▓▓▓▓▓
##.#..############# ###
_#..##.#∩#..'.#.@.# ...'
_#..))).....#.#...##≈≈≈≈#
##.........##.#)..≈≈≈....
.#........###.#)..##≈≈≈≈#
.#))##..#####.))..#


||ee '#)##..###..####### ### .#)##################### .#.)..#.#.#...).#^...^^+
.##.#).#.##.###.#....^^# You could see a deep elf master archer.

Vanquished Creatures
  Dowan (D)
  2 deep elf demonologists (D)
  A deep elf death mage (D)
  A deep elf high priest (D)
  Erolcha (D)
  A deep elf knight (D)
  6 deep elf pyromancers (D)
  Duvessa (D)
  3 wandering mushrooms (D)
  2 redbacks (D)
  A shadow (D)
  A spatial vortex (D)
  An orc warrior (D)
  A necrophage (D)
  5 two-headed ogres (D)
  A water elemental (D)
  An orc priest (D)
  A jelly (D)
  Jessica (D)
  A wizard (D)
  A necromancer (D)
  5 orc wizards (D)
  A kobold demonologist (D)
  3 humans (D)
  A phantom (D)
  11 orcs (D)
  An endoplasm (D)
  2 rats (D)
58 creatures vanquished.

Vanquished Creatures (others)
  A plant (D)
1 creature vanquished.

Grand Total: 59 creatures vanquished

Notes
Turn   | Place    | Note
-------+----------+-------------------------------------------
     0 | D        | mhtbhm the Deep Elf Earth Elementalist began the quest for
                  | the Orb.
     0 | D        | Reached XP level 1. HP: 10/10 MP: 6/6
    39 | D        | Noticed Jessica
    41 | D        | Killed Jessica
    42 | D        | Reached skill level 4 in Spellcasting
    42 | D        | Reached skill level 5 in Earth Magic
    42 | D        | Reached XP level 2. HP: 15/15 MP: 5/9
    43 | D        | Reached XP level 3. HP: 19/19 MP: 4/11
    88 | D        | Learned a level 2 spell: Passwall
    92 | D        | Learned a level 3 spell: Stone Arrow
   127 | D        | Gained mutation: Your muscles are strong. (Str +2) [potion
                  | of mutation]
   130 | D        | Reached skill level 5 in Spellcasting
   230 | D        | Noticed a water elemental
   238 | D        | Killed a water elemental
   239 | D        | Reached skill level 7 in Spellcasting
   239 | D        | Reached XP level 4. HP: 24/24 MP: 5/15
   311 | D        | Found a radiant altar of Vehumet.
   312 | D        | Found a shimmering blue altar of Sif Muna.
   312 | D        | Found an ancient bone altar of Kikubaaqudgha.
   312 | D        | Noticed a wizard
   313 | D        | Killed a wizard
   315 | D        | Reached skill level 5 in Dodging
   315 | D        | Reached XP level 5. HP: 28/28 MP: 14/17
   322 | D        | Became a worshipper of Vehumet
   340 | D        | Learned a level 5 spell: Lee's Rapid Deconstruction
   345 | D        | Learned a level 4 spell: Petrify
   349 | D        | Learned a level 3 spell: Mephitic Cloud
   357 | D        | Found a glowing silver altar of Zin.
   357 | D        | Found a glowing golden altar of the Shining One.
   357 | D        | Found a white marble altar of Elyvilon.
   357 | D        | Noticed a deep elf pyromancer
   358 | D        | Killed a deep elf pyromancer
   359 | D        | Reached skill level 5 in Stealth
   359 | D        | Reached skill level 11 in Spellcasting
   359 | D        | Reached XP level 6. HP: 32/32 MP: 12/22
   359 | D        | Reached XP level 7. HP: 36/36 MP: 13/24
   423 | D        | Found a hide-covered altar of Uskayaw.
   423 | D        | Found an iron altar of Okawaru.
   423 | D        | Found a bloodstained altar of Trog.
   423 | D        | Found an ornate altar of the Wu Jian Council.
   423 | D        | Noticed a human
   423 | D        | Noticed a human
   425 | D        | Killed a human
   425 | D        | Killed a human
   425 | D        | Reached * piety under Vehumet
   425 | D        | Offered knowledge of Foxfire by Vehumet.
   426 | D        | Reached skill level 12 in Spellcasting
   486 | D        | Found a basalt altar of Yredelemnul.
   486 | D        | Found a shadowy altar of Dithmenos.
   486 | D        | Found a sacrificial altar of Ru.
   488 | D        | Reached skill level 13 in Spellcasting
   542 | D        | Reached ** piety under Vehumet
   542 | D        | Noticed a shadow
   546 | D        | Killed a shadow
   547 | D        | Reached XP level 8. HP: 41/41 MP: 8/27
   640 | D        | Found a blossoming altar of Fedhas.
   640 | D        | Found a stormy altar of Qazlal.
   640 | D        | Found a snail-covered altar of Cheibriados.
   640 | D        | Found a burning altar of Makhleb.
   640 | D        | Found a shimmering altar of Xom.
   641 | D        | Found a hazy altar of Hepliaklqana.
   641 | D        | Found an opulent altar of Gozag.
   641 | D        | Found a sparkling altar of Nemelex Xobeh.
   641 | D        | Found a corrupted altar of Lugonu.
   641 | D        | Found a viscous altar of Jiyva.
   643 | D        | Offered knowledge of Static Discharge by Vehumet.
   644 | D        | Reached skill level 14 in Spellcasting
   706 | D        | Reached *** piety under Vehumet
   734 | D        | Noticed a two-headed ogre
   748 | D        | Killed a two-headed ogre
   749 | D        | Reached skill level 15 in Spellcasting
   912 | D        | Noticed Erolcha
   914 | D        | Killed Erolcha
   914 | D        | Offered knowledge of Frozen Ramparts by Vehumet.
   914 | D        | Noticed a two-headed ogre
   915 | D        | Reached skill level 16 in Spellcasting
   915 | D        | Reached XP level 9. HP: 45/45 MP: 24/31
   919 | D        | Killed a two-headed ogre
   920 | D        | Reached skill level 15 in Earth Magic
   920 | D        | Reached skill level 1 in Poison Magic
  1014 | D        | Reached **** piety under Vehumet
  1015 | D        | Reached skill level 17 in Spellcasting
  1015 | D        | Reached skill level 1 in Air Magic
  1096 | D        | Noticed a wandering mushroom
  1100 | D        | Noticed a wandering mushroom
  1104 | D        | Killed a wandering mushroom
  1104 | D        | Offered knowledge of Dazzling Flash by Vehumet.
  1105 | D        | Reached skill level 1 in Conjurations
  1105 | D        | Noticed a wandering mushroom
  1112 | D        | Killed a wandering mushroom
  1116 | D        | Killed a wandering mushroom
  1117 | D        | Reached skill level 18 in Spellcasting
  1207 | D        | Noticed Dowan
  1207 | D        | Noticed Duvessa
  1217 | D        | Killed Dowan
  1217 | D        | Reached ***** piety under Vehumet
  1218 | D        | Reached skill level 19 in Spellcasting
  1218 | D        | Reached XP level 10. HP: 50/50 MP: 6/35
  1218 | D        | Killed Duvessa
  1391 | D        | Offered knowledge of Bolt of Magma by Vehumet.
  1399 | D        | Reached ****** piety under Vehumet
  1495 | D        | Found Ixeuhose's General Store.
  1612 | D        | Noticed a deep elf pyromancer
  1612 | D        | Noticed a deep elf knight
  1612 | D        | Noticed a deep elf pyromancer
  1612 | D        | Noticed a deep elf pyromancer
  1612 | D        | Noticed a deep elf pyromancer
  1618 | D        | Killed a deep elf pyromancer
  1618 | D        | Offered knowledge of Lightning Bolt by Vehumet.
  1619 | D        | Reached skill level 20 in Spellcasting
  1624 | D        | Killed a deep elf pyromancer
  1624 | D        | Killed a deep elf knight
  1624 | D        | Killed a deep elf pyromancer
  1628 | D        | Killed a deep elf pyromancer
  1629 | D        | Reached skill level 21 in Spellcasting
  1697 | D        | Noticed a deep elf pyromancer
  1701 | D        | Identified the +3 scale mail of Too Many Cooks {rF+}
  1701 | D        | Noticed a deep elf high priest
  1704 | D        | Killed a deep elf pyromancer
  1705 | D        | Reached XP level 11. HP: 54/54 MP: 36/38
  1834 | D        | Identified the +4 scimitar of Red Wine {vamp, rF- Int+2
                  | Stlth+}
  1834 | D        | Noticed a deep elf death mage
  1834 | D        | Noticed a deep elf master archer
  1937 | D        | Noticed a deep elf demonologist
  1938 | D        | Noticed a deep elf annihilator
  1940 | D        | Killed a deep elf demonologist
  1967 | D        | Noticed a deep elf demonologist
  1969 | D        | Killed a deep elf high priest
  1970 | D        | Reached skill level 22 in Spellcasting
  1970 | D        | Reached skill level 1 in Evocations
  2466 | D        | Killed a deep elf death mage
  2468 | D        | Noticed an Executioner
  2468 | D        | Killed a deep elf demonologist
  2468 | D        | Offered knowledge of Hailstorm by Vehumet.
  2474 | D        | Shot with an arrow by a deep elf master archer

Illustrated notes

Levels and vault maps discovered:
D:        dungeon_sprint_mu [sprint_mu_entry_forest, sprint_mu_temple_rooms,
          sprint_mu_d1_spiders, sprint_mu_d2_genie, sprint_mu_d3_branching,
          sprint_mu_orc_legion, sprint_mu_elf_gauntlet, sprint_mu_hive_nellie,
          sprint_mu_lair_fedhas, sprint_mu_vaults_butterflies,
          sprint_mu_slime_circle, sprint_mu_swamp_cave, sprint_mu_snake_twists,
          sprint_mu_blade_basic, sprint_mu_crypt_lich, sprint_mu_tomb_spiral,
          sprint_mu_vestibule_basic, sprint_mu_gehenna_hellfire,
          sprint_mu_dis_giant, sprint_mu_tartarus_statrot,
          sprint_mu_cocytus_islands, sprint_mu_zot1]

Skill      XL: |  1  2  3  4  5  6  7  8  9 10 11 |
---------------+----------------------------------+-----
Dodging        | 3 4 5 6 7 |  7.4
Stealth        | 3 4 5 6 |  6.4
Spellcasting   | 4 7 11 13 16 19 21 22 | 22.8
Earth Magic    | 5 7 8 11 13 14 16 18 19 | 19.2
Transmutations | 2 3 |  3.7
Poison Magic   | 2 |  2.3
Air Magic      | 1 |  1.5
Conjurations   | 4 |  4.7
Evocations     | 1 |  1.8

Action                   |  1- 3 |  4- 6 |  7- 9 | 10-12 || total
-------------------------+-------+-------+-------+-------++-------
 Cast: Sandblast         |    11 |     2 |     7 |       ||    20
       Stone Arrow       |     2 |       |    11 |     1 ||    14
       Passwall          |     1 |       |       |     2 ||     3
       Lee's Rapid Decon |       |     1 |    29 |    25 ||    55
       Mephitic Cloud    |       |       |     2 |     2 ||     4
Evoke: Phial of floods   |       |       |       |     1 ||     1
  Use: Potion            |     2 |       |       |     1 ||     3
Dodge: Dodged            |     3 |       |     5 |     5 ||    13

Table legend: (Time is in decaauts)
 A = Elapsed time spent in this place.
 B = Non-inter-level travel time spent in this place.
 C = Inter-level travel time spent in this place.
 D = Time resting spent in this place.
 E = Time spent auto-exploring this place.
 F = Levels seen in this place.
 G = Mean time per level.
                   A        B        C        D        E       F      G
               +--------+--------+--------+--------+--------+-----+--------+
         Total |   2482 |   2482 |      0 |   1951 |      0 |   1 | 2482.0 |
       Dungeon |   2482 |   2482 |      0 |   1951 |      0 |   1 | 2482.0 |
               +--------+--------+--------+--------+--------+-----+--------+

Top non-repeatable levels by time:
       D: 2482 daAuts
